 Dungeon Crawl Stone Soup version 0.21-a0-344-g2144152 (webtiles) character file.

1315 nikopol the Cleaver (level 8, 0/70 HPs)
             Began as a Minotaur Berserker on Oct 4, 2017.
             Was a Priest of Trog.
             Slain by a wight
             ... wielding a cursed +0 scimitar
              (11 damage)
             ... on level 5 of the Dungeon.
             The game lasted 00:06:51 (4440 turns).

nikopol the Cleaver (Minotaur Berserker)            Turns: 4440, Time: 00:06:52

Health: 0/70       AC:  7    Str: 23    XL:     8   Next: 33%
Magic:  7/7        EV: 12    Int:  4    God:    Trog [***...]
Gold:   212        SH:  0    Dex: 11    Spells: 7/7 levels left

rFire    . . .     SeeInvis .   a - +0 hand axe
rCold    . . .     Gourm    .   (no shield)
rNeg     . . .     Faith    .   f - +0 ring mail
rPois    .         Spirit   .   (helmet restricted)
rElec    .         Reflect  .   w - +0 cloak
rCorr    .         Harm     .   (no gloves)
MR       ++...                  (no boots)
Stlth    +.........             (no amulet)
HPRegen  1.21/turn              (no ring)
MPRegen  0.10/turn              (no ring)

@: berserk cooldown, regenerating, drained
A: retaliatory headbutt, horns 2
a: Berserk, Trog's Hand, Burn Spellbooks, Renounce Religion


You were on level 5 of the Dungeon.
You worshipped Trog.
Trog was most pleased with you.
You were near starving.

You visited 1 branch of the dungeon, and saw 5 of its levels.

You collected 212 gold pieces.

Inventory:

Hand Weapons
 a - a +0 hand axe (weapon)
Missiles
 m - 22 arrows
Armour
 b - a +0 animal skin
 f - a +0 ring mail (worn)
 w - a +0 cloak (worn)
Jewellery
 h - a cursed amulet of inaccuracy {unknown}
Scrolls
 e - 2 scrolls of amnesia {unknown}
 g - 3 scrolls of remove curse {unknown}
 k - 4 scrolls of identify {unknown}
 o - a scroll of recharging {unknown}
 q - a scroll of immolation {unknown}
 s - a scroll of silence {unknown}
 t - a scroll of blinking {unknown}
 u - a scroll of enchant armour {unknown}
 v - 3 scrolls of teleportation {unknown}
Potions
 d - 2 potions of curing {unknown}
 i - 3 potions of heal wounds {unknown}
 j - 3 potions of might {unknown}
 l - a potion of invisibility {unknown}
 n - a potion of cancellation {unknown}
 r - 2 potions of flight {unknown}
Comestibles
 c - 5 bread rations
 p - 3 meat rations
 x - 4 chunks of flesh


   Skills:
 + Level 6.2(5.2) Fighting
 + Level 8.5(7.4) Axes
 + Level 7.2(6.1) Armour
 + Level 4.2(3.2) Dodging
 + Level 0.2(0.0) Stealth


You had 7 spell levels left.
You didn't know any spells.

Dungeon Overview and Level Annotations

Branches:
Dungeon (5/15)             Temple (0/1) D:4

Altars:
Ashenzari
Elyvilon
Gozag
Yredelemnul


Innate Abilities, Weirdness & Mutations

You reflexively headbutt those who attack you in melee.
You have a pair of horns on your head.


Message History

You are near starving!
The hound bites you.
* * * LOW HITPOINT WARNING * * *
The hound bites you.
* * * LOW HITPOINT WARNING * * *
You slash the hound! You headbutt the hound.
The hound is severely wounded.
The hound bites you but does no damage. x2
You hit the hound.
The hound is severely wounded.
You feel yourself speed up.
Your skin stops crawling.
You feel less resistant to hostile enchantments.
The hound bites you but does no damage. x2
You hit the hound.
You kill the hound!
Trog accepts your kill.
Your skin crawls.
You feel resistant to hostile enchantments.
You feel quite a bit more hungry. The wight hits you with a scimitar!
You die...

.. . . ##. #.
##################
#
.......@zzhZ......
#
##########.o.....#
#
.......Zz........#
##
......)oz#.......#
.##
########h#.......#
..## #)#.......#
...## #Z##..#####
....## ###o##..#
.....# #
#.h.##..##


You could see a howler monkey, 2 wights, an orc and a quokka zombie.

Vanquished Creatures
  The ghost of Hasart the Magician, a novice KoWz of Ashenzari (D:4)
  A sky beast (D:5)
  An ogre (D:4)
  An ice beast (D:3)
  A phantom (D:4)
  A bullfrog (D:3)
  A scorpion (D:5)
  2 wights (D:5)
  2 howler monkeys (D:4)
  3 hounds
  2 orc priests
  Crazy Yiuf (D:3)
  2 orc wizards
  2 worker ants (D:5)
  A hound skeleton (D:4)
  A howler monkey zombie (D:5)
  6 adders
  2 oozes
  An adder skeleton (D:4)
  4 worms
  A dart slug (D:2)
  8 orcs
  3 giant cockroaches
  9 hobgoblins
  5 jackals (D:2)
  2 quokkas
  7 bats
  7 frilled lizards
  3 goblins
  5 kobolds
  A quokka skeleton (D:5)
  12 rats
99 creatures vanquished.

Notes
Turn   | Place    | Note
-------+----------+-------------------------------------------
     0 | D:1      | nikopol the Minotaur Berserker began the quest for the Orb.
     0 | D:1      | Reached XP level 1. HP: 19/19 MP: 0/0
   126 | D:1      | Reached XP level 2. HP: 18/27 MP: 1/1
   742 | D:1      | Reached skill level 4 in Axes
  1158 | D:2      | You fall through a shaft!
  1164 | D:3      | Found a basalt altar of Yredelemnul.
  1294 | D:2      | Reached XP level 3. HP: 25/33 MP: 2/2
  1512 | D:2      | Reached ** piety under Trog
  1881 | D:3      | Noticed an ice beast
  1887 | D:3      | Killed an ice beast
  1887 | D:3      | Reached skill level 5 in Axes
  1887 | D:3      | Reached XP level 4. HP: 32/41 MP: 3/3
  1887 | D:3      | Reached XP level 5. HP: 37/47 MP: 4/4
  2246 | D:3      | Found an opulent altar of Gozag.
  2286 | D:3      | Found a runed door.
  2340 | D:3      | Found a white marble altar of Elyvilon.
  2567 | D:3      | Noticed Crazy Yiuf
  2571 | D:3      | Killed Crazy Yiuf
  2571 | D:3      | Reached XP level 6. HP: 52/55 MP: 5/5
  2654 | D:4      | Reached skill level 6 in Axes
  2674 | D:4      | Reached skill level 5 in Fighting
  3312 | D:4      | Found a staircase to the Ecumenical Temple.
  3329 | D:4      | Reached XP level 7. HP: 61/61 MP: 6/6
  3352 | D:4      | Reached skill level 7 in Axes
  3470 | D:4      | Noticed Hasart's ghost (novice KoWz)
  3477 | D:4      | Killed Hasart's ghost
  3477 | D:4      | Reached skill level 5 in Armour
  3559 | D:4      | Reached *** piety under Trog
  3998 | D:4      | Reached skill level 8 in Axes
  4207 | D:5      | Entered Level 5 of the Dungeon
  4316 | D:5      | Found a shattered altar of Ashenzari.
  4365 | D:5      | Reached XP level 8. HP: 47/70 MP: 7/7
  4423 | D:5      | HP: 3/70 [orc priest/divine providence (7)]
  4440 | D:5      | Slain by a wight

Vault maps used:
D:1:      dpeg_arrival_brainrot
D:3:      kennysheep_ying_yang, grunt_gozag_breadcrumbs, dk_noncrumbling_3,
          uniq_crazy_yiuf_cottage
D:4:      minmay_temple_entry_large_hall, serial_co_window_serial,
          co_window_corner_a, co_window_paths_a, co_window_paths_a,
          co_window_paths_b, co_window_corner_a, co_window_paths_a,
          co_window_paths_b, co_window_broadway_b, co_window_paths_c,
          co_window_unsneaky_path_e, co_window_cross_2, co_window_paths_e,
          co_window_4corner_b, glass_columns_a
D:5:      nicolae_ashenzari_panopticon, first_bread, st_stairs_1,
          kennysheep_flooded_box

Skill      XL: |  1  2  3  4  5  6  7  8 |
---------------+-------------------------+-----
Fighting       | 4 5 6 |  6.2
Axes           | 4 5 6 8 |  8.5
Armour         | 3 4 6 7 |  7.2
Dodging        | 3 4 |  4.2
Stealth        | |  0.2

Action                   |  1- 3 |  4- 6 |  7- 9 || total
-------------------------+-------+-------+-------++-------
Melee: Hand axe          |   105 |    78 |    86 ||   269
       Headbutt          |    12 |    13 |    19 ||    44
Invok: Berserk           |     1 |     1 |     2 ||     4
       Trog's Hand       |       |       |     2 ||     2
  Eat: Chunk             |     3 |     6 |     3 ||    12
       Royal jelly       |       |       |     1 ||     1
Armor: Animal skin       |     1 |       |       ||     1
       Ring mail         |    20 |    22 |    41 ||    83
Dodge: Dodged            |    66 |    44 |    47 ||   157

Table legend:
 A = Spawn XP
 B = Non-spawn XP
 C = Spawn XP percentage of total XP
 D = Spawn monster count
 E = Non-spawn monster count
 F = Spawn count percentage of total count
 G = Total turns spent on level
                    A         B        C        D         E        F      G
               +---------+---------+-------+---------+---------+-------+---------
         Total |       0 |    1879 |   0.0 |       0 |      99 |   0.0 |  4440
               +---------+---------+-------+---------+---------+-------+---------
           D:1 |       0 |      32 |   0.0 |       0 |      17 |   0.0 |  1113
           D:2 |       0 |      44 |   0.0 |       0 |      20 |   0.0 |   598
           D:3 |       0 |     314 |   0.0 |       0 |      21 |   0.0 |   937
           D:4 |       0 |     874 |   0.0 |       0 |      19 |   0.0 |  1559
           D:5 |       0 |     615 |   0.0 |       0 |      22 |   0.0 |   233
               +---------+---------+-------+---------+---------+-------+---------
